 Dungeon Crawl Stone Soup version 0.25.1-4-g9407a263a5 (webtiles) character file.

Game seed: 3819527067139305769

33322 JakoBeide the Spear-Bearer (level 13, -4/122 HPs)
             Began as a Minotaur Berserker on Nov 25, 2020.
             Was a High Priest of Trog.
             Splashed by an acid blob's acid (6 damage)
             ... on level 5 of the Lair of Beasts.
             The game lasted 01:15:25 (16363 turns).

JakoBeide the Spear-Bearer (Minotaur Berserker)    Turns: 16363, Time: 01:15:26

Health: -4/122     AC: -3    Str: 27    XL:     13   Next: 36%
Magic:  13/13      EV: 20    Int: 10    God:    Trog [*****.]
Gold:   886        SH:  0    Dex: 16    Spells: 12/12 levels left

rFire    + . .     SeeInvis .   a - +3 spear (drain)
rCold    + . .     Gourm    .   (no shield)
rNeg     . . .     Faith    .   L - +4 ring mail {rPois}
rPois    +         Spirit   .   (helmet restricted)
rElec    +         Reflect  .   (no cloak)
rCorr    +         Harm     .   f - +0 pair of gloves
MR       .....     Rnd*Tele +   (no boots)
Stlth    +++.......             b - amulet of regeneration
HPRegen  0.70/turn              z - +6 ring of intelligence
MPRegen  0.13/turn              V - +6 ring of dexterity

@: resistant, corroded, very slightly contaminated
A: retaliatory headbutt, horns 2, talons 1, icy blue scales 1, deformed body,
high mp 1, teleportitis 1
a: Berserk, Trog's Hand, Brothers in Arms, Renounce Religion


You were on level 5 of the Lair of Beasts.
You worshipped Trog.
Trog was extremely pleased with you.
You were not hungry.

You visited 2 branches of the dungeon, and saw 14 of its levels.
You visited the Abyss 1 time.

You collected 944 gold pieces.
You spent 58 gold pieces at shops.

Inventory:

Hand Weapons
 a - a +3 spear of draining (weapon)
 r - the +3 glaive of Moruacwi {vorpal, *Contam rElec MR+}
   (Trog gifted it to you on level 5 of the Lair of Beasts)

   It inflicts extra damage upon your enemies.
   It insulates you from electricity.
   It affects your resistance to hostile enchantments.
   It causes magical contamination when unequipped.
 I - the +4 morningstar of the Wraith {holy, rF+ Int+4, unknown}
   (You found it on level 5 of the Lair of Beasts)

   It has been blessed by the Shining One to cause great damage to the undead
   and demons.
   It affects your intelligence (+4).
   It protects you from fire.
 P - a +5 great sword
 R - the +8 great sword "Boarcheich" {flame, Int+4 Dex+4, unknown}
   (You found it on level 5 of the Lair of Beasts)

   It has been specially enchanted to burn those struck by it, causing extra
   injury to most foes and up to half again as much damage against particularly
   susceptible opponents.
   Big, fiery blades are also staple armaments of hydra-hunters.
   It affects your intelligence (+4).
   It affects your dexterity (+4).
 Y - a +0 spear of freezing
 Z - a +2 antimagic glaive
Missiles
 l - 3 throwing nets
 q - 88 poisoned darts (quivered)
 Q - 2 curare-tipped darts
Armour
 f - a +0 pair of gloves (worn)
 x - a +0 chain mail
 E - a +0 plate armour
 L - a +4 ring mail of poison resistance (worn)
Jewellery
 b - an amulet of regeneration (around neck)
 m - an uncursed amulet of regeneration
 v - a +6 ring of dexterity
 w - a cursed ring of teleportation {unknown}
 z - a +6 ring of intelligence (left hand)
 B - an uncursed amulet of the acrobat
 J - an uncursed ring of wizardry
 N - an uncursed ring of poison resistance
 V - a +6 ring of dexterity (right hand)
Wands
 h - a wand of digging (7)
 j - a wand of random effects (13)
 n - a wand of paralysis (14)
 D - a wand of flame (20)
 K - a wand of iceblast (18)
 O - a wand of disintegration (20)
 X - a wand of clouds (5)
Scrolls
 p - a scroll of fog {unknown}
 s - 2 scrolls of amnesia
 t - 3 scrolls of magic mapping
 u - 5 scrolls of teleportation
 y - a scroll of noise
 H - a scroll of fear
 M - a scroll of random uselessness
 U - 2 scrolls of holy word
Potions
 d - 2 potions of stabbing
 e - 3 potions of curing
 g - a potion of ambrosia
 i - a potion of might
 k - a potion of resistance
 A - 2 potions of brilliance
 S - a potion of flight
Comestibles
 c - 7 rations
 o - 2 chunks of flesh


   Skills:
 + Level 13.5 Fighting
 + Level 14.1 Polearms
 - Level 3.0 Throwing
 + Level 10.7 Armour
 + Level 12.2 Dodging
 + Level 6.8 Stealth


You had 12 spell levels left.
You didn't know any spells.
Your spell library contained the following spells:

 Spells                   Type           Power        Failure   Level  Hunger
 Animate Skeleton         Necr           N/A          45%         1    ##.....
 Apportation              Tloc           #.....       45%         1    ##.....
 Corona                   Hex            #......      45%         1    ##.....
 Summon Small Mammal      Summ           #...         45%         1    ##.....
 Call Imp                 Summ           #.......     61%         2    ###....
 Passwall                 Tmut/Erth      #.......     61%         2    ###....
 Swiftness                Chrm/Air       #.......     61%         2    ###....
 Call Canine Familiar     Summ           #.......     83%         3    ####...
 Recall                   Summ/Tloc      N/A          83%         3    ####...
 Summon Guardian Golem    Hex/Summ       #.......     83%         3    ####...
 Animate Dead             Necr           N/A          99%         4    #####..
 Passage of Golubria      Tloc           N/A          99%         4    #####..
 Summon Ice Beast         Ice/Summ       #.......     99%         4    #####..
 Summon Lightning Spire   Summ/Air       #.......     99%         4    #####..
 Borgnjor's Vile Clutch   Necr/Erth      #.........   100%        5    ######.
 Lee's Rapid Deconstruct  Erth           #.........   100%        5    ######.
 Darkness                 Hex            #.........   100%        6    #######
 Death Channel            Necr           #.........   100%        6    #######
 Invisibility             Hex            #.......     100%        6    #######
 Simulacrum               Ice/Necr       #.........   100%        6    #######


Dungeon Overview and Level Annotations

Branches:
Dungeon (9/15)             Temple (0/1) D:4            Lair (5/6) D:9
  Swamp (0/4) Lair:4        Snake (0/4) Lair:2        Slime (0/5) Lair:5
    Orc: D:9-12

Altars:
Fedhas
Okawaru
Vehumet
Xom
Yredelemnul
Jiyva

Shops:
D:8 *

Annotations:
Lair:2 exclusion: oklob plant
Lair:5 exclusion: oklob plant


Innate Abilities, Weirdness & Mutations

You reflexively headbutt those who attack you in melee.
You have a pair of horns on your head.
You have sharp toenails.
You are partially covered in icy blue scales. (AC +2)
Armour fits poorly on your strangely shaped body.
You have an increased reservoir of magic. (+10% MP)
You are occasionally teleported next to monsters.


Message History

As you read the scroll of blinking, it crumbles to dust.
You feel better.
The acid blob is too close now for your liking.
Blink to where?
Press: ? - help, Dir - move target cursor
As you read the scroll of blinking, it crumbles to dust.
You open the door.
There is an open door here.
The acid blob spits acid at you. The splash of acid hits you!
* * * LOW HITPOINT WARNING * * *
You are splashed with acid!
* * * LOW HITPOINT WARNING * * *
There is an open door here.
You feel protected. The acid blob spits acid at you.
The splash of acid hits you! You resist.
* * * LOW HITPOINT WARNING * * *
You are splashed with acid.
You resist.
You die...

.......+..#...(.....#.P#..#P..†..
.........##.........#####........
..P#......#.........# #.#......
...§...# #..###J..## ###PPP...
[..#...# #### #..## ##P....
.......# ### ##..# #P...#
#.....## #.####..## ###.....
...#.#####...##..# #####.####.P
P.#.#.#....####.@# ##.##........
.........J..##.#.####....P.......
........##J####..P...........#...
........#J_?##........###.....#.P
.......##...#....P..#.# ##.......
........#.>.####...#.## #........
.....†..##### #..#######........
.........# ##.## #.#P.#.....
.........# #P.## ##.....#...


You could see an acid blob.

Vanquished Creatures
  Rupert (Lair:4)
  Nessos (Lair:4)
  Harold (D:7)
  4 hydras
  A two-headed ogre (D:9)
  Pikel (D:6)
  An ugly thing (D:9)
  7 elephants
  Maurice (D:8)
  2 black mambas (Lair:2)
  9 spiny frogs
  3 rime drakes (Lair:2)
  6 komodo dragons
  5 polar bears (Lair:3)
  A hornet (D:9)
  A merfolk (D:9)
  A slime creature (Lair:5)
  4 hippogriffs
  A bog body (Lair:4)
  15 blink frogs
  Sigmund (D:2)
  A ynoxinul (Abyss:1)
  2 wyverns
  7 yaks
  A basilisk (D:9)
  4 vampire mosquitoes (D:8)
  A hydra simulacrum (Lair:4)
  8 water moccasins
  A spectral torpor snail (Lair:4)
  2 sky beasts
  5 porcupines
  3 slaves (D:6)
  An ice beast (D:8)
  3 ogres
  11 black bears
  An orc warrior (D:8)
  2 phantoms (D:6)
  17 wolves
  2 centaurs (D:5)
  15 crocodiles
  Blork the orc (D:5)
  4 big kobolds
  10 bullfrogs
  A scorpion (D:7)
  12 wights
  3 crimson imps
  A centaur zombie (D:8)
  3 jellies (Lair:2)
  2 bullfrog zombies
  5 hounds
  3 orc priests
  5 iguanas
  2 bullfrog skeletons
  5 orc wizards
  7 worker ants
  2 hound skeletons
  A howler monkey zombie (D:9)
  5 adders
  A shadow imp (D:6)
  17 oozes
  3 worms
  2 dart slugs
  3 leopard geckos
  32 orcs
  3 giant cockroaches
  10 goblins
  10 hobgoblins
  3 jackals (D:3)
  33 kobolds
  2 quokkas
  3 ball pythons
  7 bats
  6 frilled lizards
  7 rats
368 creatures vanquished.

Vanquished Creatures (collateral kills)
  The ghost of Nyzic the Grappler, a journeyman TrMo (Lair:4)
  A spectral death yak (Lair:4)
  A spectral fire crab (Lair:4)
  A black mamba simulacrum (Lair:4)
4 creatures vanquished.

Vanquished Creatures (others)
  11 fungi
  5 plants
16 creatures vanquished.

Grand Total: 388 creatures vanquished

Notes
Turn   | Place    | Note
-------+----------+-------------------------------------------
     0 | D:1      | JakoBeide the Minotaur Berserker began the quest for the
                  | Orb.
     0 | D:1      | Reached XP level 1. HP: 19/19 MP: 0/0
   226 | D:1      | Reached skill level 4 in Polearms
   261 | D:1      | Reached XP level 2. HP: 27/27 MP: 1/1
   295 | D:1      | HP: 2/40 [rat (2)]
   903 | D:2      | Reached XP level 3. HP: 13/33 MP: 2/2
   912 | D:2      | Reached ** piety under Trog
  1295 | D:2      | Noticed Sigmund
  1311 | D:2      | Killed Sigmund
  1311 | D:2      | Reached skill level 5 in Fighting
  1311 | D:2      | Reached skill level 5 in Polearms
  1311 | D:2      | Reached XP level 4. HP: 14/42 MP: 3/3
  1311 | D:2      | Reached XP level 5. HP: 17/48 MP: 4/4
  2114 | D:2      | Found a shimmering altar of Xom.
  2321 | D:3      | Reached skill level 1 in Stealth
  2515 | D:3      | Reached XP level 6. HP: 56/56 MP: 5/5
  2539 | D:3      | Reached *** piety under Trog
  2764 | D:3      | Cast into level 1 of the Abyss (unwielding a weapon of
                  | distortion)
  2783 | Abyss:1  | Noticed a ynoxinul
  2799 | Abyss:1  | Killed a ynoxinul
  2799 | Abyss:1  | Reached skill level 6 in Polearms
  2803 | D:3      | Escaped the Abyss
  3082 | D:3      | Found an iron altar of Okawaru.
  3084 | D:3      | Found a blossoming altar of Fedhas.
  3300 | D:4      | Reached XP level 7. HP: 61/61 MP: 6/6
  3984 | D:4      | Found a staircase to the Ecumenical Temple.
  4341 | D:4      | Reached skill level 5 in Dodging
  4708 | D:5      | Entered Level 5 of the Dungeon
  4714 | D:5      | Noticed Blork the orc
  4723 | D:5      | Killed Blork the orc
  4723 | D:5      | Reached skill level 7 in Polearms
  4955 | D:5      | Gained mutation: You are occasionally teleported next to
                  | monsters. [potion of mutation]
  4955 | D:5      | Gained mutation: You have sharp toenails. [potion of
                  | mutation]
  4955 | D:5      | Gained mutation: You are partially covered in icy blue
                  | scales. (AC +2) [potion of mutation]
  4955 | D:5      | Gained mutation: You have an increased reservoir of magic.
                  | (+10% MP) [potion of mutation]
  5132 | D:5      | Reached XP level 8. HP: 67/70 MP: 7/7
  5659 | D:5      | Reached skill level 8 in Polearms
  6098 | D:6      | Found a radiant altar of Vehumet.
  6107 | D:6      | Noticed Pikel
  6133 | D:6      | Killed Pikel
  6133 | D:6      | Reached skill level 9 in Polearms
  6133 | D:6      | Reached XP level 9. HP: 40/79 MP: 8/8
  6757 | D:6      | Reached **** piety under Trog
  7402 | D:7      | Reached skill level 5 in Armour
  7485 | D:7      | Noticed Harold
  7501 | D:7      | Killed Harold
  7501 | D:7      | Reached skill level 10 in Polearms
  8028 | D:8      | Found Leysifoh's Assorted Antiques.
  8068 | D:8      | Bought a scroll of identify for 58 gold pieces
  8189 | D:8      | Noticed Maurice
  8223 | D:8      | Killed Maurice
  8223 | D:8      | Reached skill level 11 in Polearms
  8223 | D:8      | Reached XP level 10. HP: 75/90 MP: 10/10
  8249 | D:8      | Reached skill level 5 in Stealth
  8728 | D:8      | Found a basalt altar of Yredelemnul.
  8729 | D:8      | Found a shimmering altar of Xom.
  8764 | D:8      | Reached ***** piety under Trog
  9304 | D:9      | Noticed a white ugly thing
  9314 | D:9      | Killed a white ugly thing
  9551 | D:9      | Noticed an elephant
  9563 | D:9      | Killed an elephant
  9563 | D:9      | Reached skill level 12 in Polearms
  9788 | D:9      | Found a staircase to the Lair.
  9879 | D:9      | Noticed a two-headed ogre
  9892 | D:9      | Killed a two-headed ogre
  9892 | D:9      | Reached skill level 10 in Fighting
  9892 | D:9      | Reached XP level 11. HP: 90/99 MP: 11/11
 10420 | Lair:1   | Entered Level 1 of the Lair of Beasts
 11295 | Lair:2   | Got an iridescent scythe
 11378 | Lair:2   | Received a gift from Trog
 11446 | Lair:2   | Found a frozen archway.
 11508 | Lair:2   | Noticed a seven-headed hydra
 11517 | Lair:2   | Killed a seven-headed hydra
 11889 | Lair:2   | Reached skill level 13 in Polearms
 11959 | Lair:2   | Noticed an oklob plant
 12363 | Lair:2   | Reached skill level 1 in Throwing
 12363 | Lair:2   | Reached XP level 12. HP: 83/110 MP: 12/12
 12475 | Lair:2   | Found a staircase to the Snake Pit.
 12533 | Lair:2   | Reached skill level 10 in Dodging
 13228 | Lair:3   | Noticed a four-headed hydra
 13611 | Lair:3   | Killed a four-headed hydra
 14036 | Lair:4   | Found a staircase to the Swamp.
 14083 | Lair:4   | Found a runed translucent gate.
 14083 | Lair:4   | Found a runed translucent gate.
 14083 | Lair:4   | Found a runed translucent gate.
 14088 | Lair:4   | Noticed Nyzic's ghost (journeyman TrMo)
 14105 | Lair:4   | Killed Nyzic's ghost
 14117 | Lair:4   | Reached skill level 10 in Armour
 14298 | Lair:4   | Noticed Rupert
 14326 | Lair:4   | Killed Rupert
 14326 | Lair:4   | Reached XP level 13. HP: 69/122 MP: 13/13
 14560 | Lair:4   | Noticed Nessos
 14575 | Lair:4   | Killed Nessos
 14641 | Lair:4   | Reached skill level 14 in Polearms
 14708 | Lair:4   | Identified the cursed +0 scythe "Coru" {flame, +Fly} (You
                  | found it on level 2 of the Lair of Beasts)
 15686 | Lair:5   | Got a slimy morningstar
 15913 | Lair:5   | Received a gift from Trog
 15916 | Lair:5   | Got a faintly glowing glaive {god gift}
 15917 | Lair:5   | Identified the +3 glaive of Moruacwi {vorpal, *Contam rElec
                  | MR+} (Trog gifted it to you on level 5 of the Lair of
                  | Beasts)
 15931 | Lair:5   | Gained mutation: Armour fits poorly on your strangely
                  | shaped body. [mutagenic glow]
 16117 | Lair:5   | Got a smoking great sword
 16326 | Lair:5   | Found a runed translucent door.
 16326 | Lair:5   | Found a viscous altar of Jiyva.
 16327 | Lair:5   | Found a staircase to the Slime Pits.
 16327 | Lair:5   | Noticed an acid blob
 16327 | Lair:5   | Noticed an acid blob
 16363 | Lair:5   | HP: 2/122 [acid blob/splash of acid (9)]
 16363 | Lair:5   | Splashed by an acid blob's acid

Illustrated notes

Levels and vault maps discovered:
D:1:      dpeg_arrival_circle_labyrinth_c, layout_basic
D:2:      layout_basic, first_ration, grunt_ministairs_10, tgw_xom, uniq_sigmund
D:3:      layout_basic, minitemple, hangedman_decor_push,
          corexii_item_surrounded_by_moat
D:4:      layout_basic, minmay_temple_entry_nine_rooms
D:5:      layout_loops_ring, uniq_blork_the_orc
D:6:      layout_layer_cave, vehumet_altar_wand_db, uniq_pikel
D:7:      layout_cave_pools, uniq_harold
D:8:      layout_cave_pools, gammafunk_temple_overflow_statue, serial_shops,
          shop, uniq_maurice
D:9:      layout_basic, david_lair_generic, hangedman_fish_farm
Lair:1:   layout_loops_ring
Lair:2:   lemuel_slime, layout_cellular_growth, dummy_snake_entry,
          portal_ice_cave_rime
Lair:3:   beast_lair_carwin_large_4, layout_chaotic_city
Lair:4:   layout_layer_cave, skrybe_swamp_entry_bodies, serial_rivers,
          chequers_serial_rivers_marsh, chequers_serial_rivers_small_a,
          chequers_serial_rivers_marsh, chequers_serial_rivers_small_3,
          gammafunk_ghost_necromancy, uniq_nessos, uniq_rupert
Lair:5:   layout_roguey, slime_altar_2, minmay_lair_oklob_chamber

Skill      XL: |  1  2  3  4  5  6  7  8  9 10 11 12 13 |
---------------+----------------------------------------+-----
Polearms       | 4 5 6 7 9 11 12 13 14 | 14.1
Fighting       | 4 5 6 7 8 10 11 13 | 13.5
Dodging        | 3 4 5 6 7 8 9 11 12 | 12.2
Stealth        | 1 2 3 4 5 6 |  6.8
Armour         | 3 4 6 7 9 10 | 10.7
Throwing       | 1 3 |  3.0

Action                   |  1- 3 |  4- 6 |  7- 9 | 10-12 | 13-15 || total
-------------------------+-------+-------+-------+-------+-------++-------
Melee: Spear             |    74 |   104 |   290 |   650 |   127 ||  1245
       Headbutt          |    15 |    25 |    62 |   173 |    45 ||   320
       Kick              |       |       |    71 |   287 |    59 ||   417
Throw: Dart              |       |       |       |    18 |       ||    18
Invok: Berserk           |     3 |     2 |     2 |     1 |       ||     8
       Brothers in Arms  |       |       |       |     1 |       ||     1
  Use: Potion            |     3 |     3 |     5 |     5 |     3 ||    19
       Scroll            |       |     6 |    11 |     9 |     7 ||    33
 Stab: Sleeping          |     1 |       |     2 |     5 |       ||     8
       Invisible         |       |     1 |       |       |       ||     1
       Distracted        |       |       |       |       |     1 ||     1
  Eat: Ration            |     1 |     3 |     3 |     5 |     2 ||    14
       Chunk             |       |     1 |     4 |     4 |       ||     9
Armor: Animal skin       |    11 |     8 |       |       |       ||    19
       Leather armour    |       |    10 |    43 |       |       ||    53
       Ring mail         |       |       |    19 |   155 |    25 ||   199
Dodge: Dodged            |    54 |    81 |   196 |   490 |    99 ||   920
